 Dungeon Crawl Stone Soup version 0.25.1-2-g60ff931df9 (webtiles) character file.

Game seed: 16150789246987079636

385 Allula97 the Cudgeler (level 6, -1/48 HPs)
             Began as a Demonspawn Gladiator on Nov 14, 2020.
             Killed by divine providence
             ... invoked by an orc priest
              (10 damage)
             ... on level 4 of the Dungeon.
             The game lasted 00:14:37 (2684 turns).

Allula97 the Cudgeler (Demonspawn Gladiator)        Turns: 2684, Time: 00:14:37

Health: -1/48      AC:  8    Str: 16    XL:     6   Next: 48%
Magic:  7/7        EV: 12    Int:  9    God:
Gold:   64         SH:  0    Dex: 15    Spells: 6/6 levels left

rFire    + . .     SeeInvis .   a - +0 flail
rCold    + . .     Gourm    .   (no shield)
rNeg     . . .     Faith    .   r - +0 ring mail
rPois    +         Spirit   .   w - +1 hat
rElec    +         Reflect  .   (no cloak)
rCorr    +         Harm     .   (no gloves)
MR       .....                  (no boots)
Stlth    +.........             (no amulet)
HPRegen  0.16/turn              (no ring)
MPRegen  0.10/turn              (no ring)

@: lethally poisoned (-1 -> -1), resistant, hasted, heavily drained, very quick
A: claws 1, yellow scales 1, demonic guardian 1, powered by pain 1
a: no special abilities


You were on level 4 of the Dungeon.
You were not hungry.

You visited 1 branch of the dungeon, and saw 4 of its levels.

You collected 64 gold pieces.

Inventory:

Hand Weapons
 a - a +0 flail (weapon)
Missiles
 d - 2 throwing nets
 k - 13 javelins (quivered)
 m - 12 poisoned darts
Armour
 c - a +0 helmet
 r - a +0 ring mail (worn)
 w - a +1 hat (worn)
 x - a +0 plate armour
Scrolls
 e - a scroll of teleportation {unknown}
 h - 2 scrolls of noise {unknown}
 i - a scroll of blinking {unknown}
 j - a scroll of fear {unknown}
 n - a scroll of identify
 o - 2 scrolls of remove curse
 s - a scroll of amnesia {unknown}
 t - a scroll of random uselessness {unknown}
 v - a scroll of enchant armour {unknown}
Potions
 b - a potion of heal wounds {unknown}
 p - a potion of cancellation
 q - a potion of brilliance
Comestibles
 f - 6 rations
 g - 10 chunks of flesh


   Skills:
 * Level 3.6(2.5) Fighting
 * Level 3.9(2.7) Maces & Flails
 - Level 1.7(0.6) Throwing
 * Level 2.5(1.4) Armour
 * Level 3.8(2.6) Dodging
 + Level 1.7(0.6) Stealth
 + Level 0.9(0.0) Spellcasting


You had 6 spell levels left.
You didn't know any spells.
Your spell library was empty.

Dungeon Overview and Level Annotations

Branches:
Dungeon (4/15)
 Temple: D:4-7

Altars:
Qazlal


Innate Abilities, Weirdness & Mutations

You have sharp fingernails.
You are partially covered in yellow scales. (AC +2)
A weak demonic guardian rushes to your aid.
You sometimes gain a little power by taking damage.


Message History

You feel sick.
You barely miss the orc. The orc closely misses you.
You barely miss the orc. The orc closely misses you.
The orc priest invokes the aid of Beogh against you.
Beogh smites you!
The orc priest mumbles some strange prayers to Beogh against you.
Beogh smites you!
* * * LOW HITPOINT WARNING * * *
The orc hits you but does no damage.
You swap places.
Your iron imp closely misses the orc.
It was a potion of haste.
You feel yourself speed up.
You feel sick.
The orc hits your iron imp but does no damage.
Your iron imp barely misses the orc.
The orc priest casts a cantrip, but nothing happens.
It was a potion of resistance.
You feel protected. The orc closely misses your iron imp.
The orc priest invokes the aid of Beogh against you.
Beogh smites you!
You die...

####.# #.# #.#
...#.# #)# #.#
...#.# #.# #.#
...#.# #.# #o#
...#.# #.# #o#
...#.#.# #.# #o#
...'.#.# #.#.#o#
...###.# #.#.#5#
...# #.# .#.#.#@#
#### #.###.#.#.#.#
#.#...#.#.#.#
######.#.###.#.#.##
.............#.#..#
######.........##.#
.........########.#
>######..# #.# .#
#..########.##


You could see 2 orc priests, 2 orcs and a friendly iron imp (summoned).

Vanquished Creatures
  An ice beast (D:2)
  2 wights (D:4)
  4 adders
  An ooze (D:1)
  A worm (D:2)
  A dart slug (D:2)
  A leopard gecko (D:2)
  11 orcs
  10 bats
  3 giant cockroaches
  8 hobgoblins
  7 jackals (D:2)
  A quokka (D:2)
  2 ball pythons
  4 frilled lizards
  6 goblins
  3 kobolds
  8 rats
74 creatures vanquished.

Vanquished Creatures (collateral kills)
  3 wights (D:4)
3 creatures vanquished.

Grand Total: 77 creatures vanquished

Notes
Turn   | Place    | Note
-------+----------+-------------------------------------------
     0 | D:1      | Allula97 the Demonspawn Gladiator began the quest for the
                  | Orb.
     0 | D:1      | Reached XP level 1. HP: 16/16 MP: 1/1
    99 | D:1      | Gained mutation: You sometimes gain a little power by
                  | taking damage. [demonic ancestry]
    99 | D:1      | Reached XP level 2. HP: 9/22 MP: 2/2
   825 | D:2      | Gained mutation: You are partially covered in yellow
                  | scales. (AC +2) [demonic ancestry]
   825 | D:2      | Reached XP level 3. HP: 28/28 MP: 3/3
   935 | D:2      | Reached skill level 1 in Armour
  1096 | D:2      | Noticed an ice beast
  1113 | D:2      | Killed an ice beast
  1113 | D:2      | Reached skill level 1 in Stealth
  1113 | D:2      | Reached XP level 4. HP: 21/35 MP: 4/4
  1113 | D:2      | Gained mutation: A weak demonic guardian rushes to your
                  | aid. [demonic ancestry]
  1113 | D:2      | Reached XP level 5. HP: 24/41 MP: 5/5
  2057 | D:4      | Found a stormy altar of Qazlal.
  2059 | D:4      | Noticed a water elemental
  2060 | D:4      | Noticed a fire elemental
  2060 | D:4      | Noticed an air elemental
  2130 | D:4      | Gained mutation: You have sharp fingernails. [demonic
                  | ancestry]
  2130 | D:4      | Reached XP level 6. HP: 47/47 MP: 6/6
  2684 | D:4      | Killed from afar by an orc priest

Illustrated notes

Levels and vault maps discovered:
D:1:      lightli_arrival_quake, layout_loops_cross, columned_hall_lemuel,
          st_stairs_2
D:2:      layout_basic, first_ration
D:3:      layout_rooms, minivault_26, kennysheep_generic_room_14
D:4:      layout_basic, nicolae_qazlal_style_of_elements,
          hangedman_decor_growths

Skill      XL: |  1  2  3  4  5 |
---------------+----------------+-----
Maces & Flails | 3 |  3.9
Dodging        | 3 |  3.8
Armour         | 1 2 |  2.5
Fighting       | 3 |  3.6
Stealth        | 1 |  1.7
Throwing       | |  1.7
Spellcasting   | |  0.9

Action                   |  1- 3 |  4- 6 || total
-------------------------+-------+-------++-------
Melee: Flail             |   121 |   134 ||   255
Throw: Throwing net      |     2 |       ||     2
       Javelin           |     5 |     9 ||    14
  Use: Potion            |     3 |     3 ||     6
       Scroll            |     1 |     1 ||     2
  Eat: Chunk             |     1 |     5 ||     6
Armor: Leather armour    |    41 |    16 ||    57
       Ring mail         |       |    38 ||    38
Dodge: Dodged            |   107 |    98 ||   205
